 Dungeon Crawl Stone Soup version 0.31-a0-229-g1fc7ce93e2 (webtiles) character file.

Game seed: 16086084087773172950

191 lunkers the Cudgeller (level 6, -2/47 HPs)
             Began as a Meteoran Wanderer on July 6, 2023.
             Slain by Edmund
             ... wielding a +2 heavy dire flail
              (9 damage)
             ... on level 4 of the Dungeon.
             The game lasted 00:04:10 (1332 turns).

lunkers the Cudgeller (Meteoran Wanderer)           Turns: 1332, Time: 00:04:11

Health: -2/47      AC: 10    Str: 17    XL:     6   Next: 22%
Magic:  11/11      EV:  7    Int: 13    God:
Gold:   181        SH:  0    Dex: 13    Spells: 9/10 levels left

rFire   . . .        a - +2 mace (freeze)
rCold   . . .        (no shield)
rNeg    . . .        l - +0 chain mail
rPois   .            (no helmet)
rElec   .            i - +1 cloak
rCorr   .            (no gloves)
SInv    .            (no boots)
Will    .....        (no amulet) Stlth
                     (no ring)
HPRegen 0.27/turn    (no ring)
MPRegen 0.12/turn

%: no passive effects
@: glowing
A: sense surroundings 1, otherworldly, glowing, explore regen
a: no special abilities


You were on level 4 of the Dungeon.
You visited 1 branch of the dungeon, and saw 4 of its levels.

You collected 181 gold pieces.

Inventory:

Hand Weapons
 a - a +2 mace of freezing (weapon)
 b - a +1 mace of protection
Missiles
 h - 13 poisoned darts
Armour
 i - a +1 cloak (worn)
 l - a +0 chain mail (worn)
Potions
 d - 3 potions of curing
 f - a potion of enlightenment
 k - a potion of heal wounds {unknown}


   Skills:
 - Level 1.1 Fighting
 + Level 7.6 Maces & Flails
 - Level 2.4 Throwing
 - Level 1.0 Stealth
 - Level 2.6 Spellcasting
 - Level 2.4 Hexes


You had 9 spell levels left.
You knew the following spells:

 Your Spells              Type           Power      Damage    Failure   Level
p - Slow                  Hex            32%        N/A       73%         1

Your spell library contained the following spells:

 Spells                   Type           Power      Damage    Failure   Level
 Portal Projectile        Hex/Tloc       8%         N/A       99%         3


Dungeon Overview and Level Annotations

Branches:
Dungeon (4/15) Zot: 1040
 Temple: D:4-7

Altars:
Kikubaaqudgha
Makhleb

Annotations:
D:4 Edmund


Innate Abilities, Weirdness & Mutations

You passively map a small area around you.
You are easily found by Zot.
You glow in the dark.
You regain HP and MP as you explore.


Message History

Okay, then.
The air fills with toxic fumes!
As you read the scroll labelled OTZO CUBAU, it crumbles to dust.
It was a scroll of poison.
Edmund says, "You wouldn't believe how much I paid for this flail."
The ball python bites you. The ball python grabs you.
The ball python constricts you.
You barely miss the ball python.
Edmund says, "Everyone always remembers my brother. 'Who's Edmund?' they ask!"
The ball python bites you but does no damage.
The ball python constricts you.
You sock the ball python!
The ball python seems to slow down.
You freeze the ball python.
You kill the ball python!
You hit Edmund. You freeze Edmund.
Edmund is lightly wounded.
Edmund barely misses you.
You hit Edmund but do no damage.
Edmund is lightly wounded.
Edmund hits you with a +2 heavy dire flail!!
Ouch! That really hurt!
* * * LOW HITPOINT WARNING * * *
You thump Edmund! You freeze Edmund.
Edmund is moderately wounded.
Unknown command.
You hit Edmund. You freeze Edmund.
Edmund is heavily wounded.
Edmund hits you with a +2 heavy dire flail.
* * * LOW HITPOINT WARNING * * *
You barely miss Edmund.
Edmund is heavily wounded.
Edmund hits you with a +2 heavy dire flail!
* * * LOW HITPOINT WARNING * * *
You hit Edmund but do no damage.
Edmund is heavily wounded.
Unknown command.
You completely miss Edmund. You punch Edmund, but do no damage.
Edmund is heavily wounded.
Edmund hits you with a +2 heavy dire flail!
You die...

* * , #.....# #.....# ,
#.....######.###.# *
####.....,...##.# #.#
#........ *#.#..# #.#
#.>.....# ##...## #.#
#.......# #....# ##.#
#.......# #.##.# #..#
#.......###.##.# #.##
#.!......@@.##.###.#####
*
##...##.[#####.........#
#.# *#..# #########.# *
.. ...##### #...# #.#
.### #####...# #.8.# #.#
.... * #.<.###...####.#
*##..# ,
#......).......# .. ,
.... , *
###........⌠...#
#.#,###.#####
#............#


You could see Edmund.

Vanquished Creatures
  A black bear (D:4)
  2 adders (D:3)
  A gnoll (D:2)
  A dart slug (D:2)
  7 endoplasms
  7 giant cockroaches
  6 goblins
  3 hobgoblins
  8 jackals (D:1)
  4 quokkas
  6 ball pythons
  4 bats
  3 frilled lizards
  4 kobolds
  2 rats
59 creatures vanquished.

Vanquished Creatures (others)
  A quokka (D:4)
1 creature vanquished.

Grand Total: 60 creatures vanquished

Notes
Turn   | Place    | Note
-------+----------+-------------------------------------------
     0 | D:1      | lunkers the Meteoran Wanderer began the quest for the Orb.
     0 | D:1      | lunkers set off with the following items: a +2 mace, 13
                  | poisoned darts, a +0 dagger, a potion of curing, a +0
                  | leather armour; and the following spell memorised: Slow;
                  | and the following spells available to memorise: Portal
                  | Projectile.
     0 | D:1      | Reached XP level 1. HP: 16/16 MP: 5/5
    48 | D:1      | Reached skill level 3 in Maces & Flails
    52 | D:1      | Reached XP level 2. HP: 17/23 MP: 6/6
    72 | D:1      | Reached skill level 4 in Maces & Flails
   135 | D:1      | Reached XP level 3. HP: 27/28 MP: 8/8
   540 | D:2      | Reached skill level 5 in Maces & Flails
   561 | D:2      | Reached XP level 4. HP: 15/35 MP: 9/9
   867 | D:3      | Found a burning altar of Makhleb.
   965 | D:3      | Reached skill level 6 in Maces & Flails
   965 | D:3      | Reached XP level 5. HP: 39/40 MP: 10/10
  1203 | D:4      | Found an ancient bone altar of Kikubaaqudgha.
  1206 | D:4      | Noticed a black bear
  1221 | D:4      | Killed a black bear
  1222 | D:4      | Reached skill level 7 in Maces & Flails
  1222 | D:4      | Reached XP level 6. HP: 25/47 MP: 11/11
  1302 | D:4      | Noticed Edmund
  1332 | D:4      | Slain by Edmund

Illustrated notes

Levels and vault maps discovered:
D:1:      mushboom_english_gardens, layout_basic, grunt_decor_arrowhead
D:2:      layout_basic, basic_altar, minmay_indecisive_spiral
D:3:      layout_rooms, overflow_temple_1_default, kennysheep_generic_room_12,
          uniq_crazy_yiuf_cottage
D:4:      minmay_inner_zag, layout_rooms, overflow_temple_1_default,
          nicolae_kikubaaqudgha_miasma_corner, lemuel_crystal_altar,
          serial_shops, nicolae_shop_back_alley_shop,
          nicolae_elevator_lobby_asterisk, uniq_edmund

Skill      XL: |  1  2  3  4  5 |
---------------+----------------+-----
Maces & Flails | 3 4 5 6 7 |  7.6
Fighting       | |  1.1
Throwing       | |  2.4
Stealth        | |  1.0
Spellcasting   | |  2.6
Hexes          | |  2.4

Action                     |  1- 3 |  4- 6 || total
---------------------------+-------+-------++-------
  Melee: Mace              |    78 |   127 ||   205
         Punch             |     1 |     1 ||     2
    Use: Scroll            |     1 |     8 ||     9
 Armour: Leather armour    |    48 |    30 ||    78
         Chain mail        |       |    90 ||    90
  Dodge: Dodged            |    53 |    48 ||   101

Table legend: (Time is in decaauts)
 A = Elapsed time spent in this place.
 B = Non-inter-level travel time spent in this place.
 C = Inter-level travel time spent in this place.
 D = Time resting spent in this place.
 E = Time spent auto-exploring this place.
 F = Levels seen in this place.
 G = Mean time per level.
                   A        B        C        D        E       F      G
               +--------+--------+--------+--------+--------+-----+--------+
         Total |   1358 |   1277 |     81 |      0 |    779 |   4 |  339.5 |
       Dungeon |   1358 |   1277 |     81 |      0 |    779 |   4 |  339.5 |
               +--------+--------+--------+--------+--------+-----+--------+

Top non-repeatable levels by time:
     D:2: 435 daAuts
     D:1: 402 daAuts
     D:3: 374 daAuts
     D:4: 146 daAuts
